 Dungeon Crawl Stone Soup version 0.30.1-11-g7821555f0a (webtiles) character file.

Game seed: 1617458092004578912

217 Peloso the Shield-Bearer (level 5, 0/47 HPs)
             Began as a Minotaur Fighter on Dec 23, 2023.
             Slain by an orc
             ... wielding a +0 club
              (2 damage)
             ... on level 5 of the Dungeon.
             The game lasted 00:04:56 (2665 turns).

Peloso the Shield-Bearer (Minotaur Fighter)         Turns: 2665, Time: 00:04:57

Health: 0/47       AC:  7    Str: 20    XL:     5   Next: 61%
Magic:  4/4        EV:  9    Int:  5    God:
Gold:   229        SH:  5    Dex: 12    Spells: 4/4 levels left

rFire   . . .        a - +0 long sword
rCold   . . .        c - +0 buckler
rNeg    . . .        b - +0 scale mail
rPois   .            (helmet restricted)
rElec   .            (no cloak)
rCorr   .            (no gloves)
SInv    .            (no boots)
Will    .....        (no amulet) Stlth
                     (no ring)
HPRegen 0.27/turn    (no ring)
MPRegen 0.09/turn

%: no passive effects
@: lethally poisoned (0 -> -4), flying
A: horns 2, retaliatory headbutt
a: no special abilities


You were on level 5 of the Dungeon.
You visited 1 branch of the dungeon, and saw 5 of its levels.

You collected 229 gold pieces.

Inventory:

Hand Weapons
 a - a +0 long sword (weapon)
Armour
 b - a +0 scale mail (worn)
 c - a +0 buckler (worn)
Jewellery
 g - a ring of fire
Scrolls
 e - 2 scrolls of poison {unknown}
 f - 5 scrolls of identify {unknown}
 h - 2 scrolls of amnesia {unknown}
 i - 2 scrolls of teleportation {unknown}
 j - a scroll of blinking {unknown}
 k - a scroll of fog {unknown}
 l - a scroll of silence {unknown}
 m - a scroll of magic mapping {unknown}
Potions
 d - a potion of might


   Skills:
 + Level 4.3 Fighting
 + Level 4.6 Long Blades
 + Level 4.8 Armour
 + Level 1.3 Dodging
 + Level 4.8 Shields


You had 4 spell levels left.
You didn't know any spells.
Your spell library was empty.

Dungeon Overview and Level Annotations

Branches:
Dungeon (5/15)
 Temple: D:4-7

Altars:
Ashenzari
Zin

Shops:
D:1 =

Annotations:
D:5 Grinder


Innate Abilities, Weirdness & Mutations

You have a pair of horns on your head.
You reflexively headbutt those who attack you in melee.


Message History

The gnoll barely misses you.
You closely miss the orc.
The gnoll hits you from afar with a +1 halberd of venom.
You are poisoned.
The orc barely misses you. You furiously retaliate!
You headbutt the orc. The gnoll barely misses you.
The gnoll hits you from afar with a +0 spear.
The gnoll hits you but does no damage.
You are more poisoned.
You closely miss the orc.
The orc is almost dead.
You feel very sick.
The gnoll is no longer moving quickly.
You block the orc's attack. The gnoll hits you but does no damage.
The gnoll hits you from afar with a +0 spear.
* * * LOW HITPOINT WARNING * * *
The orc hits you but does no damage.
It was a potion of flight.
You feel very buoyant.
You fly up into the air.
* * * LOW HITPOINT WARNING * * *
You feel very sick.
The gnoll is no longer moving quickly.
The gnoll barely misses you. You furiously retaliate!
You headbutt the gnoll, but do no damage.
The gnoll hits you from afar with a +0 spear.
* * * LOW HITPOINT WARNING * * *
The orc barely misses you.
You slash the gnoll! You headbutt the gnoll.
You kill the gnoll!
* * * LOW HITPOINT WARNING * * *
You feel sick.
The gnoll is no longer moving quickly.
You block the gnoll's attack. The orc hits you but does no damage.
Unknown command.
You closely miss the orc. Your headbutt misses the orc.
The orc is almost dead.
* * * LOW HITPOINT WARNING * * *
You feel sick. The gnoll completely misses you.
The orc hits you with a +0 club.
You die...

.....#...#.#### #
......###.....##....
.!.... #......g....
......###..##g##....
........gg.....g.# #
########g##.#.####
#.##.#.#
##.#####g.....#
#....o@ggg..###
~.#.##########


You could see a gnoll bouda, 3 gnolls and an orc.

Vanquished Creatures
  A hound (D:4)
  Natasha (D:2)
  A gnoll (D:5)
  6 adders
  2 worms
  3 dart slugs
  2 orcs (D:5)
  4 ball pythons
  6 bats
  7 endoplasms
  6 giant cockroaches
  3 goblins (D:3)
  6 hobgoblins
  7 jackals
  8 quokkas
  9 kobolds
  3 rats
75 creatures vanquished.

Notes
Turn   | Place    | Note
-------+----------+-------------------------------------------
     0 | D:1      | Peloso the Minotaur Fighter began the quest for the Orb.
     0 | D:1      | Reached XP level 1. HP: 19/19 MP: 0/0
    32 | D:1      | Reached XP level 2. HP: 12/27 MP: 1/1
   348 | D:1      | Reached XP level 3. HP: 24/33 MP: 2/2
   476 | D:1      | Found Wogi's Jewellery Emporium.
  1005 | D:2      | Reached XP level 4. HP: 40/40 MP: 3/3
  1015 | D:2      | Noticed Natasha
  1038 | D:2      | Killed Natasha
  1269 | D:2      | Reached skill level 1 in Dodging
  1916 | D:3      | Reached XP level 5. HP: 46/46 MP: 4/4
  2489 | D:4      | Found a broken altar of Ashenzari.
  2489 | D:4      | Found a glowing silver altar of Zin.
  2624 | D:4      | Noticed an ogre
  2644 | D:5      | Entered Level 5 of the Dungeon
  2655 | D:5      | Noticed Grinder
  2665 | D:5      | HP: 2/47 [poisoned by a gnoll]
  2665 | D:5      | Slain by an orc

Illustrated notes

Levels and vault maps discovered:
D:1:      dpeg_arrival_radiant, layout_basic, serial_shops, shop_fountains,
          skrybe_limestone_x, minmay_pentomino_r4
D:2:      layout_loops_ring, minmay_puff, uniq_natasha
D:3:      layout_loops_ring
D:4:      layout_cave_pods, jmf_multi_god_temple, minmay_increasing_density
D:5:      layout_loops_cross, minmay_crystal_water, uniq_grinder

Skill      XL: |  1  2  3  4  5 |
---------------+----------------+-----
Armour         | 4 |  4.8
Shields        | 4 |  4.8
Fighting       | 4 |  4.3
Long Blades    | 3 4 |  4.6
Dodging        | 1 |  1.3

Action                     |  1- 3 |  4- 6 || total
---------------------------+-------+-------++-------
  Melee: Long sword        |    95 |    92 ||   187
         Headbutt          |    10 |    21 ||    31
    Use: Potion            |     3 |     3 ||     6
 Armour: Scale mail        |    61 |    39 ||   100
  Dodge: Dodged            |    52 |    38 ||    90
  Block: Buckler           |    29 |    19 ||    48
